 Dungeon Crawl Stone Soup version 0.19-a0-1498-g0b85ae9 (webtiles) character file.

286 inmateoo the Slasher (level 6, -8/32 HPs)
             Began as a Vine Stalker Fighter on Sept 10, 2016.
             Was a Believer of Okawaru.
             Mangled by an ogre
             ... wielding a +0 giant spiked club
              (15 damage)
             ... on level 4 of the Dungeon.
             The game lasted 00:03:30 (2150 turns).

inmateoo the Slasher (Vine Stalker Fighter)         Turns: 2150, Time: 00:03:31

Health: -8/32      AC:  8    Str: 18    XL:     6   Next: 30%
Magic:  0/7        EV:  8    Int:  8    God:    Okawaru [**....]
Gold:   291        SH:  9    Dex: 16    Spells: 0 memorised, 5 levels left

rFire  . . .     SeeInvis .     a - +0 long sword
rCold  . . .     Gourm    .     b - +0 scale mail
rNeg   . . .     Faith    .     c - +0 shield
rPois  .         Spirit   +     (no helmet)
rElec  .         Dismiss  .     (no cloak)
rCorr  .         Reflect  .     (no gloves)
MR     .....     Harm     .     (no boots)
Stlth  ..........               (no amulet)
                                (no ring)
                                j - +2 ring of protection

@: no status effects
A: fangs 2, regeneration 1, magic shield, antimagic bite, no device heal 3, rot
immunity
a: Heroism, Renounce Religion


You were on level 4 of the Dungeon.
You worshipped Okawaru.
Okawaru was pleased with you.
You were very hungry.

You visited 1 branch of the dungeon, and saw 4 of its levels.

You collected 291 gold pieces.

Inventory:

Hand Weapons
 a - a +0 long sword (weapon)
Armour
 b - a +0 scale mail (worn)
 c - a +0 shield (worn)
Jewellery
 j - a +2 ring of protection (left hand)
Wands
 u - a wand of slowing (21/48)
 v - a wand of disintegration (12/24)
Scrolls
 d - 3 scrolls of magic mapping
 k - a scroll of enchant weapon
Potions
 e - 2 potions of mutation {unknown}
 i - 2 potions of berserk rage {unknown}
 l - a potion of agility {unknown}
 o - a potion of might
 q - a potion of brilliance {unknown}
 w - a potion of cancellation {unknown}
Comestibles
 f - 4 bread rations
 g - a meat ration
 h - 7 fruits
 m - a slice of pizza
 r - a beef jerky


   Skills:
 + Level 3.4 Fighting
 * Level 3.8 Long Blades
 + Level 3.1 Armour
 + Level 1.5 Dodging
 + Level 3.5 Shields


You had 5 spell levels left.
You didn't know any spells.

Dungeon Overview and Level Annotations

Branches:
Dungeon (4/15)
 Temple: D:4-7

Altars:
Elyvilon
Okawaru
Ru
Sif Muna
Uskayaw
Vehumet
The Shining One


Innate Abilities, Weirdness & Mutations

You have extremely sharp teeth.
Your natural rate of healing is unusually fast.
When hurt, damage is shared between your health and your magic reserves.
Your bite disrupts and absorbs the magic of your enemies.
Potions and wands cannot restore your health.
You are immune to rotting.


Message History

Drop what? 20/52 slots (_ for help) (? for menu, Esc to quit)
You remove your ring of loudness.
You drop an uncursed ring of loudness.
You hit the ogre but do no damage. You block the ogre's attack.
You completely miss the ogre. You bite the ogre. You drain its power.
The ogre is lightly wounded.
You block the ogre's attack.
You hit the ogre. You bite the ogre. You drain its power.
The ogre is moderately wounded.
The ogre hits you with a giant spiked club!
You barely miss the ogre. You bite the ogre. You drain its power.
You feel invigorated.
The ogre is moderately wounded.
The ogre hits you with a giant spiked club!
* * * LOW HITPOINT WARNING * * *
You are too injured to fight recklessly!
You are too injured to fight recklessly!
Unknown command.
The ogre hits you with a giant spiked club!
You die...

############# #...........#
#.........(.# #...........#
#§§.........##########
#..§..................
########§§§§@................
#......§§§§O#.......#........
#.#######§§§#.......#........
#§§####...####.......
#...#.......#........
#+..#...#...#........
...###≈#≈###........
..#.....#.....#......
...._#.....####+#+


You could see an ogre.

Vanquished Creatures
  An orc wizard (D:4)
  2 centaur skeletons (D:4)
  An orc priest (D:3)
  Terence (D:2)
  A gnoll (D:1)
  3 adders
  2 oozes (D:3)
  An adder skeleton (D:4)
  A worm (D:2)
  3 dart slugs (D:2)
  4 giant geckos
  12 orcs
  A ball python (D:1)
  4 giant cockroaches
  2 goblins
  12 hobgoblins
  4 jackals (D:3)
  A quokka (D:2)
  8 bats
  2 giant newts
  4 kobolds
  9 rats
79 creatures vanquished.

Notes
Turn   | Place    | Note
-------+----------+-------------------------------------------
     0 | D:1      | inmateoo the Vine Stalker Fighter began the quest for the Orb.
     0 | D:1      | Reached XP level 1. HP: 11/11 MP: 2/2
    56 | D:1      | Reached XP level 2. HP: 14/16 MP: 3/3
   424 | D:1      | Reached XP level 3. HP: 19/19 MP: 4/4
   746 | D:2      | Found a faded altar of an unknown god.
   794 | D:2      | Became a worshipper of Warmaster Okawaru
   794 | D:2      | Reached * piety under Okawaru
  1014 | D:2      | Reached skill level 1 in Dodging
  1014 | D:2      | Gained mutation: Your natural rate of healing is unusually fast. [Vine Stalker growth]
  1014 | D:2      | Reached XP level 4. HP: 11/24 MP: 5/5
  1121 | D:2      | Found a deep blue altar of Sif Muna.
  1205 | D:2      | Noticed Terence
  1222 | D:2      | Killed Terence
  1409 | D:3      | Reached XP level 5. HP: 28/28 MP: 6/6
  1674 | D:3      | Found a radiant altar of Vehumet.
  1873 | D:3      | Found a white marble altar of Elyvilon.
  1873 | D:3      | Found a hide-covered altar of Uskayaw.
  1977 | D:4      | Found a glowing golden altar of the Shining One.
  2036 | D:4      | Reached XP level 6. HP: 17/32 MP: 7/7
  2100 | D:4      | Reached ** piety under Okawaru
  2136 | D:4      | Found a sacrificial altar of Ru.
  2150 | D:4      | Mangled by an ogre

Vault maps used:
D:1:      dpeg_arrival_connections, st_stairs_14
D:2:      lemuel_blue_sif_altar, first_bread, ecumenical_altar_2, uniq_terence
D:3:      lemuel_doored_altar, amethyst_overflow_temple_binary
D:4:      hangedman_ru_absence, gup_sewer_entry_bubbles, tso_metal_star

Skill      XL: |  1  2  3  4  5 |
---------------+----------------+-----
Long Blades    | 2 3 |  3.8
Fighting       | 3 |  3.4
Dodging        | 1 |  1.5
Shields        | 3 |  3.5
Armour         | 3 |  3.1

Action                   |  1- 3 |  4- 6 || total
-------------------------+-------+-------++-------
Melee: Long sword        |    62 |   148 ||   210
       Bite              |    28 |    54 ||    82
       Dagger            |    44 |    19 ||    63
  Use: Scroll            |     4 |     6 ||    10
       Potion            |     1 |       ||     1
  Eat: Chunk             |       |     3 ||     3
Armor: Scale mail        |    53 |    61 ||   114
Dodge: Dodged            |    24 |    70 ||    94
Block: Shield            |    59 |    73 ||   132
